 Dungeon Crawl Stone Soup version 0.17-a0-2231-gd80ca38 (webtiles) character file.

5454 Ordine the Carver (level 10, 0/111 HPs)
             Began as an Octopode Fighter on Oct 29, 2015.
             Was a Priest of Dithmenos.
             Slain by a spider (1 damage)
             ... on level 9 of the Dungeon.
             The game lasted 00:33:27 (11133 turns).

Ordine the Carver (Octopode Fighter)               Turns: 11133, Time: 00:33:28

Health: 0/111      AC:  4    Str: 21    XL:     10   Next: 68%
Magic:  10/10      EV: 16    Int: 12    God:    Dithmenos [***...]
Gold:   551        SH: 10    Dex: 15    Spells: 0 memorised, 9 levels left

rFire  + . .     SeeInvis .     a - +1 long sword
rCold  + . .     Clarity  .     l - +1 shield {AC+3}
rNeg   . . .     SustAt   .     (helmet restricted)
rPois  .         Gourm    .     x - amulet of resist mutation
rElec  +         Spirit   .     e - +5 ring of evasion
rCorr  .         Warding  .     g - ring of protection from magic
rMut   +         Stasis   .     B - ring "Hohau" {rElec rF+ rC+ Int+2}
MR     +....                    C - ring of stealth
Stlth  ..........               (no ring)
                                (no ring)
                                (no ring)
                                (no ring)

@: berserking, lethally poisoned (0 -> -19), wreathed by umbra, very quick,
somewhat resistant to hostile enchantments, extremely unstealthy
A: almost no armour, amphibious, 8 rings, constrict 8, camouflage 1, gelatinous
body 1
a: Shadow Step, Renounce Religion


You were on level 9 of the Dungeon.
You worshipped Dithmenos.
Dithmenos was most pleased with you.
You were not hungry.

You visited 2 branches of the dungeon, and saw 10 of its levels.

You collected 577 gold pieces.
You spent 26 gold pieces at shops.

Inventory:

Hand Weapons
 a - a +1 long sword (weapon)
Missiles
 i - 15 tomahawks (quivered)
 w - 2 throwing nets
 z - 6 curare-tipped needles
 E - 16 poisoned needles
Armour
 l - a +1 shield of protection (worn)
Magical Staves
 p - an uncursed staff of conjuration
Jewellery
 e - a +5 ring of evasion (left tentacle)
 g - a ring of protection from magic (right tentacle)
 x - an amulet of resist mutation (around mantle)
 B - the ring "Hohau" (on tentacle) {rElec rF+ rC+ Int+2}
   (You found it on level 9 of the Dungeon)

   [ring of protection from fire]

   It affects your intelligence (+2).
   It protects you from fire.
   It protects you from cold.
   It insulates you from electricity.
 C - a ring of stealth (on tentacle)
Wands
 h - a wand of teleportation (3)
 u - a wand of cold (9)
Scrolls
 b - a scroll of magic mapping
 n - 2 scrolls of enchant weapon
 o - 5 scrolls of recharging
 s - 5 scrolls of remove curse
 y - a scroll of amnesia
Potions
 c - a potion of might
 k - 2 potions of flight
 v - a potion of cancellation
 D - a potion of cure mutation
Books
 r - a book of Enchantments

   Spells                             Type                      Level
   a - Cause Fear                     Hexes                        4
   b - Silence                        Hexes/Air                    5
   c - Deflect Missiles               Charms/Air                   6
   d - Haste                          Charms                       6
   e - Discord                        Hexes                        8
Comestibles
 d - 10 bread rations
 f - a slice of pizza
 j - 10 royal jellies
 m - 2 meat rations
 q - 6 beef jerkies


   Skills:
 + Level 9.5 Fighting
 * Level 12.6 Long Blades
 - Level 3.0 Dodging
 - Level 3.0 Shields


You had 9 spell levels left.
You didn't know any spells.

Dungeon Overview and Level Annotations

Branches:
Dungeon (9/15)             Temple (1/1) D:4            Lair (0/8) D:8
    Orc: D:9-12

Altars:
Ashenzari
Cheibriados
Dithmenos
Elyvilon
Fedhas
Gozag
Kikubaaqudgha
Makhleb
Nemelex Xobeh
Okawaru
Qazlal
Ru
Sif Muna
Trog
Vehumet
Xom
Yredelemnul
Zin
The Shining One

Shops:
D:5 =


Innate Abilities, Weirdness & Mutations

You cannot wear most types of armour.
You are amphibious.
You can wear up to eight rings at the same time.
You can use your tentacles to constrict eight enemies at once.
Your skin changes colour to match your surroundings (Stealth).
Your rubbery body absorbs attacks (AC +1).


Message History

Unknown command.
Unknown command.
You completely miss the spider. You grab the spider. You squeeze the spider!
The spider is severely wounded.
You constrict the spider.
* * * LOW HITPOINT WARNING * * *
You feel sick. You block the spider's attack. The spider closely misses you.
The spider bites you!
* * * LOW HITPOINT WARNING * * *
The spider barely misses you. You block the spider's attack.
The spider closely misses you.
Unknown command.
You slash the spider!
You kill the spider!
Dithmenos accepts your kill.
* * * LOW HITPOINT WARNING * * *
You feel sick.
The spider bites you but does no damage.
The spider bites you.
You die...

###...........# #.........###
# #.'...........#
#...........#####
#.#...........#
#.........#.(#...
#.#...........#
#......#####.(...
#.#...........#
#.....###.####(..
#.#...........# #.....#≈._#
#.(.
..#...........###.....'...8
#...
.##............††s....#§._#
#...
###............s@s....###.#
#... #...........+†ss.....# #
#... #...........##...##.##
#... ####'##############.#
#### #...# #.# #####'### #.#
## ####.......# #.# #.
#..'.......##########.### #.
..##.......p...(........######
#.


You could see 5 spiders.

Vanquished Creatures
  Pikel (D:9)
  3 wolves
  A hippogriff (D:8)
  Grum (D:7)
  Menkaure (D:4)
  Edmund (D:5)
  2 soldier ants (D:8)
  An orc warrior (D:8)
  4 spiders
  A necrophage (D:8)
  An ice beast (D:6)
  2 sky beasts
  A phantom (D:6)
  5 centaurs
  4 ogres
  2 giant frogs (D:8)
  4 scorpions
  16 killer bees
  3 wights (D:7)
  5 crimson imps
  A jelly (D:7)
  A centaur zombie (D:7)
  A gnoll shaman (D:5)
  An orc priest (D:6)
  A giant frog zombie (D:5)
  3 orc wizards
  4 hounds
  5 iguanas
  2 worker ants
  A hound skeleton (D:6)
  14 gnolls
  A worker ant zombie (D:9)
  11 adders
  An adder zombie (D:7)
  4 adder skeletons
  4 worms
  3 giant geckos
  24 orcs
  7 giant cockroaches
  10 goblins
  11 hobgoblins
  11 jackals
  13 kobolds
  3 ball pythons
  9 bats
  5 giant newts
  3 quokkas
  9 rats
222 creatures vanquished.

Vanquished Creatures (others)
  An orc (D:5)
  A goblin (D:9)
2 creatures vanquished.

Grand Total: 224 creatures vanquished

Notes
Turn   | Place    | Note
--------------------------------------------------------------
     0 | D:1      | Ordine the Octopode Fighter began the quest for the Orb.
     0 | D:1      | Reached XP level 1. HP: 16/16 MP: 1/1
   104 | D:1      | Reached XP level 2. HP: 21/21 MP: 2/2
   784 | D:1      | Reached XP level 3. HP: 26/26 MP: 3/3
  1489 | D:2      | Found a glowing silver altar of Zin.
  1529 | D:2      | Reached XP level 4. HP: 25/32 MP: 4/4
  1835 | D:3      | Found a sparkling altar of Nemelex Xobeh.
  2007 | D:3      | Reached skill level 4 in Long Blades
  2720 | D:4      | Found a staircase to the Ecumenical Temple.
  2724 | D:4      | Reached XP level 5. HP: 37/37 MP: 5/5
  2748 | Temple   | Entered the Ecumenical Temple
  2766 | Temple   | Became a worshipper of Dithmenos the Shadowed
  3728 | D:5      | Entered Level 5 of the Dungeon
  3733 | D:5      | Noticed Menkaure
  3862 | D:4      | Killed Menkaure
  3862 | D:4      | Reached skill level 5 in Long Blades
  3862 | D:4      | Reached XP level 6. HP: 6/44 MP: 6/6
  4252 | D:5      | Found Pefoh's Jewellery Boutique.
  4255 | D:5      | Bought a cursed amulet of inaccuracy for 26 gold pieces
  4384 | D:5      | Found a stormy altar of Qazlal.
  4454 | D:5      | Reached skill level 5 in Fighting
  4456 | D:5      | Reached skill level 6 in Long Blades
  4456 | D:5      | Reached XP level 7. HP: 45/50 MP: 7/7
  4567 | D:5      | Noticed Edmund
  4588 | D:5      | Killed Edmund
  4770 | D:5      | Reached skill level 7 in Long Blades
  4968 | D:5      | Noticed a centaur
  4975 | D:5      | Killed a centaur
  4978 | D:5      | Reached XP level 8. HP: 36/57 MP: 8/8
  4979 | D:5      | Reached * piety under Dithmenos
  5742 | D:6      | Reached skill level 8 in Long Blades
  6767 | D:7      | Reached skill level 9 in Long Blades
  6820 | D:7      | Reached ** piety under Dithmenos
  7097 | D:7      | Reached XP level 9. HP: 46/64 MP: 9/9
  7659 | D:7      | Reached skill level 10 in Long Blades
  8126 | D:8      | Noticed Grum
  8664 | D:7      | Killed Grum
  8969 | D:8      | Reached skill level 11 in Long Blades
  9089 | D:8      | Found a staircase to the Lair.
  9129 | D:8      | Reached XP level 10. HP: 73/73 MP: 10/10
  9599 | D:8      | Reached *** piety under Dithmenos
 10363 | D:9      | Got a fine platinum ring
 10364 | D:9      | Identified the ring "Hohau" {rElec rF+ rC+ Int+2} (You found it on level 9 of the Dungeon)
 10418 | D:9      | Reached skill level 12 in Long Blades
 10742 | D:9      | Found a white marble altar of Elyvilon.
 10744 | D:9      | Found a glowing silver altar of Zin.
 10865 | D:9      | Noticed Pikel
 10878 | D:9      | Found a flagged portal.
 10895 | D:9      | Killed Pikel
 11132 | D:9      | HP: 3/111 [spider (8)]
 11133 | D:9      | HP: 1/111 [poisoned by a spider]
 11133 | D:9      | Slain by a spider

Vault maps used:
D:1:      dpeg_arrival_rooms_c, minmay_misc_feat_enclosed
D:2:      lemuel_statue_altar
D:3:      nemelex_deck, fountainhead
D:4:      minmay_temple_entry_junction, first_bread
D:5:      serial_shops, kennysheep_mini, nicolae_qazlal_eye_of_the_storm,
          uniq_edmund, uniq_menkaure
D:6:      st_stairs_7, glass_columns_b, kennysheep_generic_room_4
D:8:      lair_0_dummy, hangedman_pestilent_swarm, uniq_grum
D:9:      gammafunk_temple_overflow_statue, enter_bailey_3, spider_trap,
          hangedman_decor_points, uniq_pikel
Temple:   nicolae_temple_elliptical

Action                   |  1- 3 |  4- 6 |  7- 9 | 10-12 || total
-------------------------+-------+-------+-------+-------++-------
Melee: Long sword        |    92 |    90 |   280 |   114 ||   576
Throw: Tomahawk          |       |       |     2 |       ||     2
  Use: Scroll            |     4 |    10 |     5 |     4 ||    23
       Potion            |       |     1 |     4 |     2 ||     7
 Stab: Sleeping          |     9 |     8 |     6 |     3 ||    26
       Distracted        |       |     1 |       |       ||     1
       Invisible         |       |       |       |     4 ||     4
  Eat: Chunk             |     2 |     9 |    13 |     6 ||    30
       Beef jerky        |       |       |     1 |     1 ||     2
